 Dungeon Crawl Stone Soup version 0.22.0 (webtiles) character file.

4363 Hildebrand the Fighter (level 10, -2/145 HPs)
             Began as a Minotaur Berserker on Aug 12, 2018.
             Was an Elder of Trog.
             Slain by an unseen horror (5 damage)
             ... on level 8 of the Dungeon.
             The game lasted 00:32:47 (6554 turns).

Hildebrand the Fighter (Minotaur Berserker)         Turns: 6554, Time: 00:32:47

Health: -2/145     AC:  9    Str: 29    XL:     10   Next: 12%
Magic:  9/9        EV: 13    Int:  8    God:    Trog [****..]
Gold:   332        SH:  3    Dex:  9    Spells: 9/9 levels left

rFire    . . .     SeeInvis .   d - +4 mace "Omoinymp" {venom, rPois Int+2}
rCold    . . .     Gourm    .   (no shield)
rNeg     . . .     Faith    .   t - +3 leather armour of the King of the Hill {rPois}
rPois    +         Spirit   .   (helmet restricted)
rElec    .         Reflect  +   (no cloak)
rCorr    .         Harm     .   (no gloves)
MR       +++..                  (no boots)
Stlth    ..........             b - +3 amulet of reflection
HPRegen  1.34/turn              k - +3 ring of protection
MPRegen  0.11/turn              p - ring of protection from magic

@: berserking, regenerating, very quick
A: retaliatory headbutt, horns 2
a: Berserk, Trog's Hand, Brothers in Arms, Renounce Religion


You were on level 8 of the Dungeon.
You worshipped Trog.
Trog was greatly pleased with you.
You were very hungry.

You visited 2 branches of the dungeon, and saw 9 of its levels.

You collected 332 gold pieces.

Inventory:

Hand Weapons
 a - a +1 hand axe
 d - the +4 mace "Omoinymp" (weapon) {venom, rPois Int+2}
   (You found it on level 4 of the Dungeon)

   It poisons the flesh of those it strikes.
   It affects your intelligence (+2).
   It protects you from poison.
Missiles
 v - 9 tomahawks (quivered)
Armour
 i - a +1 scale mail
 t - the +3 leather armour of the King of the Hill (worn) {rPois}
   (You found it on level 4 of the Dungeon)

   It protects you from poison.
Jewellery
 b - a +3 amulet of reflection (around neck)
 k - a +3 ring of protection (left hand)
 l - an uncursed amulet of regeneration {unknown}
 n - an uncursed ring of protection from cold
 p - a ring of protection from magic (right hand)
Wands
 q - a wand of disintegration (10)
 x - a wand of polymorph (14)
Scrolls
 g - 7 scrolls of teleportation
 o - 3 scrolls of remove curse
 r - 2 scrolls of enchant armour
 w - a scroll of enchant weapon
 z - 2 scrolls of fear
 A - 3 scrolls of magic mapping
 D - a scroll of fog
Potions
 e - 5 potions of flight
 f - a potion of mutation
 h - a potion of curing
 j - 2 potions of heal wounds
 m - 4 potions of agility
 s - a potion of berserk rage {unknown}
 u - a potion of brilliance {unknown}
Comestibles
 c - 14 rations
 B - 10 chunks of flesh


   Skills:
 * Level 12.0 Fighting
 - Level 8.3(10.1) Axes
 * Level 9.0(10.4) Maces & Flails
 + Level 4.9 Armour
 + Level 4.4 Dodging


You had 9 spell levels left.
You didn't know any spells.
Your spell library was empty.

Dungeon Overview and Level Annotations

Branches:
Dungeon (8/15)             Temple (1/1) D:4
   Lair: D:8-11

Altars:
Dithmenos
Makhleb
Sif Muna
Trog

Shops:
D:5 (


Innate Abilities, Weirdness & Mutations

You reflexively headbutt those who attack you in melee.
You have a pair of horns on your head.


Message History

You headbutt the steam dragon!
You kill the steam dragon!
Trog accepts your kill.
You bludgeon the four-headed hydra!!
The four-headed hydra looks as sick as possible!
The four-headed hydra is severely wounded.
Something hits you but does no damage. The four-headed hydra misses you.
The four-headed hydra bites you but does no damage.
You block the four-headed hydra's attack.
The four-headed hydra misses you.
You bludgeon the four-headed hydra!!
You kill the four-headed hydra!
Trog accepts your kill.
Your Fighting skill increases to level 12!
Your base Maces & Flails skill increases to level 9!
You have reached level 10!
Something hits you.
* * * LOW HITPOINT WARNING * * *
Something hits you but does no damage. Something hits you.
You die...

#####.# .#.
..#. ......#
..##### ##.
...... ...
...#..# # #.#
.### .# .##.
#.# .## #
....##.. ..#
#..o## # ..#
#.§@##.##.#
.....
.....#©).....#
..#.>. #..
####.#.##
#.#....# # ##
#.# #### .# .#


You could see an orc.

Vanquished Creatures
  A hydra (D:8)
  Prince Ribbit (D:6)
  Sigmund (D:6)
  A steam dragon (D:8)
  A water moccasin (D:7)
  A black bear (D:6)
  An orc warrior (D:7)
  A phantom (D:3)
  2 sky beasts
  7 ogres
  A centaur (D:5)
  4 bullfrogs
  A wyvern skeleton (D:7)
  5 scorpions
  6 killer bees (D:7)
  3 wights (D:6)
  2 crimson imps
  4 orc priests
  A bullfrog skeleton (D:4)
  3 hounds
  2 iguanas
  6 orc wizards
  7 worker ants
  A hound zombie (D:7)
  A hound skeleton (D:4)
  A worker ant zombie (D:7)
  7 gnolls (D:4)
  6 adders
  A shadow imp (D:5)
  An ooze (D:2)
  An adder zombie (D:7)
  2 adder skeletons
  3 worms
  3 dart slugs
  2 leopard geckos (D:6)
  38 orcs
  6 giant cockroaches
  6 goblins
  7 hobgoblins
  6 jackals
  10 kobolds
  2 quokkas
  2 ball pythons
  5 bats
  4 frilled lizards
  2 jackal skeletons (D:4)
  A jackal zombie (D:5)
  9 rats
189 creatures vanquished.

Notes
Turn   | Place    | Note
-------+----------+-------------------------------------------
     0 | D:1      | Hildebrand the Minotaur Berserker began the quest for the Orb.
     0 | D:1      | Reached XP level 1. HP: 19/19 MP: 0/0
   207 | D:1      | Reached skill level 4 in Fighting
   207 | D:1      | Reached XP level 2. HP: 25/27 MP: 1/1
   460 | D:1      | Reached ** piety under Trog
   514 | D:1      | Reached XP level 3. HP: 34/34 MP: 2/2
   943 | D:2      | Reached XP level 4. HP: 39/41 MP: 3/3
  1004 | D:3      | Noticed a phantom
  1041 | D:3      | Killed a phantom
  1041 | D:3      | Reached skill level 5 in Fighting
  1041 | D:3      | Reached skill level 5 in Axes
  1041 | D:3      | Reached XP level 5. HP: 20/49 MP: 4/4
  2026 | D:3      | Reached skill level 6 in Fighting
  2041 | D:3      | Reached XP level 6. HP: 50/58 MP: 5/5
  2045 | D:3      | Reached *** piety under Trog
  2485 | D:4      | Reached skill level 7 in Fighting
  2683 | D:4      | Found a burning altar of Makhleb.
  2721 | D:4      | Reached XP level 7. HP: 66/66 MP: 6/6
  3068 | D:4      | Got a faintly humming leather armour
  3079 | D:4      | Identified the +3 leather armour of the King of the Hill {rPois} (You found it on level 4 of the Dungeon)
  3193 | D:4      | Reached skill level 8 in Fighting
  3480 | D:4      | Found a staircase to the Ecumenical Temple.
  3489 | Temple   | Entered the Ecumenical Temple
  3561 | D:4      | Got an ancient mace
  3562 | D:4      | Identified the +4 mace "Omoinymp" {venom, rPois Int+2} (You found it on level 4 of the Dungeon)
  3599 | D:5      | Entered Level 5 of the Dungeon
  3772 | D:5      | Reached skill level 1 in Maces & Flails
  4000 | D:5      | Reached XP level 8. HP: 62/77 MP: 7/7
  4228 | D:5      | Found Covvotiu's Antique Weapon Boutique.
  4336 | D:6      | Noticed Prince Ribbit
  4350 | D:6      | Reached skill level 9 in Fighting
  4376 | D:6      | Killed Prince Ribbit
  4482 | D:6      | Reached skill level 5 in Maces & Flails
  4573 | D:6      | Reached skill level 10 in Fighting
  4626 | D:6      | Noticed Sigmund
  4636 | D:6      | Killed Sigmund
  4741 | D:6      | Reached XP level 9. HP: 80/86 MP: 8/8
  4829 | D:6      | Reached **** piety under Trog
  4971 | D:6      | Found a bloodstained altar of Trog.
  4971 | D:6      | Found a deep blue altar of Sif Muna.
  5838 | D:7      | Reached skill level 11 in Fighting
  6426 | D:8      | Found a shadowy altar of Dithmenos.
  6518 | D:8      | Found a transporter.
  6535 | D:8      | Noticed a four-headed hydra
  6550 | D:8      | HP: 4/135 [four-headed hydra (12)]
  6553 | D:8      | Killed a four-headed hydra
  6553 | D:8      | Reached skill level 12 in Fighting
  6553 | D:8      | Reached XP level 10. HP: 6/97 MP: 9/9
  6554 | D:8      | Slain by an unseen horror

Skill      XL: |  1  2  3  4  5  6  7  8  9 |
---------------+----------------------------+-----
Fighting       | 4 5 6 7 8 10 12 | 12.0
Axes           | 4 5 6 7 8 |  8.3
Maces & Flails | 2 6 9 |  9.0
Armour         | 4 |  4.9
Dodging        | 4 |  4.4

Action                   |  1- 3 |  4- 6 |  7- 9 | 10-12 || total
-------------------------+-------+-------+-------+-------++-------
Melee: Hand axe          |    77 |   126 |    36 |       ||   239
       Headbutt          |     7 |    13 |    43 |       ||    63
       Mace              |       |       |   210 |       ||   210
Invok: Trog's Hand       |       |     2 |     7 |       ||     9
       Berserk           |       |     1 |     2 |       ||     3
Evoke: Wand              |       |       |     1 |       ||     1
  Use: Scroll            |     5 |     4 |    13 |       ||    22
  Eat: Chunk             |       |     4 |     9 |       ||    13
       Ration            |       |     1 |     2 |       ||     3
Armor: Animal skin       |     5 |       |       |       ||     5
       Scale mail        |    29 |    50 |       |       ||    79
       Leather armour    |       |       |    97 |     1 ||    98
Dodge: Dodged            |    51 |    53 |   167 |       ||   271
Block: Other             |       |    16 |    36 |       ||    52
       Reflection        |       |       |     2 |       ||     2
